TOP OF THE 1ST |
West Virginia Power batting - Pitching for Key West Barracudas : RHP Wilson Flores
|
Pitching: RHP Wilson Flores
|
|
Batting: RHB Alfonso Huertas
|
0-0: Fly out, F8 (Flyball, 8RM)
|
Batting: RHB Eric Johnson
|
0-0: Ball 1-0: Ball 2-0: Ball 3-0: Base on Balls
|
Batting: RHB Vicente Torres
|
0-0: Called Strike 0-1: Fielders Choice at 2nd, 5-4 (Groundball, 5L)
|
Batting: RHB Cristián Herrera
|
0-0: Swinging Strike 0-1: Called Strike 0-2: Strikes out swinging
|
Top of the 1st over - 0 run(s), 0 hit(s), 0 error(s), 1 left on base; West Virginia 0 - Key West 0 |
BOTTOM OF THE 1ST |
Key West Barracudas batting - Pitching for West Virginia Power : RHP Ramiro Fernández
|
Pitching: RHP Ramiro Fernández
|
|
Batting: RHB Luis Pineda
|
0-0: Called Strike 0-1: Foul Ball, location: 2F 0-2: Ball 1-2: Ground out 5-3 (Groundball, 5L)
|
Batting: SHB Patrick Larson
|
0-0: Called Strike 0-1: Ball 1-1: Fly out, F7 (Flyball, 7S)
|
Batting: RHB Zander Tremblett
|
0-0: Ball 1-0: Foul Ball, location: 2F 1-1: Ground out 5-3 (Groundball, 5)
|
Bottom of the 1st over - 0 run(s), 0 hit(s), 0 error(s), 0 left on base; West Virginia 0 - Key West 0 |
TOP OF THE 2ND |
West Virginia Power batting - Pitching for Key West Barracudas : RHP Wilson Flores
|
Batting: LHB Jesús Ángel
|
0-0: Ball 1-0: Fly out, F9 (Flyball, 9D)
|
Batting: RHB Rubén Ayala
|
0-0: Swinging Strike 0-1: Ground out 4-3 (Groundball, 4)
|
Batting: LHB Ernie Jackson
|
0-0: Ball 1-0: Foul Ball, location: 2F 1-1: Called Strike 1-2: Ball 2-2: Ground out 4-3 (Groundball, 4M)
|
Top of the 2nd over - 0 run(s), 0 hit(s), 0 error(s), 0 left on base; West Virginia 0 - Key West 0 |
BOTTOM OF THE 2ND |
Key West Barracudas batting - Pitching for West Virginia Power : RHP Ramiro Fernández
|
Batting: RHB Carlos Miranda
|
0-0: Ball 1-0: Ball 2-0: Fly out, F8 (Flyball, 8RM)
|
Batting: RHB Luther Stoffels
|
0-0: SINGLE (Groundball, 56)
|
Batting: LHB Jake Wells
|
0-0: Ball 1-0: Called Strike 1-1: Ball 2-1: DOUBLE (Line Drive, 78S) Luther Stoffels to third
|
Batting: RHB Kenny Cole
|
0-0: Foul Ball, location: 2F 0-1: DOUBLE (Line Drive, 9LS) Luther Stoffels scores Jake Wells scores
|
Batting: RHB Alfredo Pineda
|
0-0: Ball 1-0: SINGLE (Line Drive, 4M) Kenny Cole to third Runner from 3rd tries for Home, SAFE, no throw or cutoff
|
Batting: RHB Dan Craft
|
0-0: SINGLE (Groundball, 56) Alfredo Pineda to second
|
Batting: RHB Luis Pineda
|
0-0: Ball 1-0: Foul Ball, location: 2F 1-1: Foul Ball, location: 2F 1-2: Hit by Pitch Alfredo Pineda to third Dan Craft to second
|
Batting: SHB Patrick Larson
|
0-0: Called Strike 0-1: Ball 1-1: Ball 2-1: Foul Ball, location: 2F 2-2: Strikes out swinging
|
Batting: RHB Zander Tremblett
|
0-0: Called Strike 0-1: Ball 1-1: Ball 2-1: Swinging Strike 2-2: Foul Ball, location: 2F 2-2: Foul Ball, location: 2F 2-2: Ball 3-2: Foul Ball, location: 2F 3-2: Strikes out looking
|
Bottom of the 2nd over - 3 run(s), 5 hit(s), 0 error(s), 3 left on base; West Virginia 0 - Key West 3 |
TOP OF THE 3RD |
West Virginia Power batting - Pitching for Key West Barracudas : RHP Wilson Flores
|
Batting: RHB Wilson Gonzáles
|
0-0: Ground out 5-3 (Groundball, 5)
|
Batting: RHB Jorge Ramírez
|
0-0: Ground out 5-3 (Groundball, 56S)
|
Batting: RHB Alfonso Huertas
|
0-0: Ball 1-0: Ball 2-0: Foul Ball, location: 2F 2-1: Fly out, F7 (Flyball, 7M)
|
Top of the 3rd over - 0 run(s), 0 hit(s), 0 error(s), 0 left on base; West Virginia 0 - Key West 3 |
BOTTOM OF THE 3RD |
Key West Barracudas batting - Pitching for West Virginia Power : RHP Ramiro Fernández
|
Batting: RHB Carlos Miranda
|
0-0: Ball 1-0: Called Strike 1-1: Foul Ball, location: 2F 1-2: Ball 2-2: Ball 3-2: Ground out 3-1 (Groundball, 34)
|
Batting: RHB Luther Stoffels
|
0-0: Ball 1-0: DOUBLE (Line Drive, 5D)
|
Batting: LHB Jake Wells
|
0-0: Foul Ball, location: 2F 0-1: Foul Ball, location: 2F 0-2: Ground out 4-3 (Groundball, 4M) Luther Stoffels to third
|
Batting: RHB Kenny Cole
|
0-0: Ball 1-0: Called Strike 1-1: Swinging Strike 1-2: Ball 2-2: Foul Ball, location: 2F 2-2: Fly out, F2 (Popup, 2LF)
|
Bottom of the 3rd over - 0 run(s), 1 hit(s), 0 error(s), 1 left on base; West Virginia 0 - Key West 3 |
TOP OF THE 4TH |
West Virginia Power batting - Pitching for Key West Barracudas : RHP Wilson Flores
|
Batting: RHB Eric Johnson
|
0-0: Foul Ball, location: 2F 0-1: Ball 1-1: Foul Ball, location: 2F 1-2: Strikes out looking
|
Batting: RHB Vicente Torres
|
0-0: Called Strike 0-1: Ball 1-1: Called Strike 1-2: Ball 2-2: Strikes out swinging
|
Batting: RHB Cristián Herrera
|
0-0: Ball 1-0: Ground out 1-3 (Groundball, 15)
|
Top of the 4th over - 0 run(s), 0 hit(s), 0 error(s), 0 left on base; West Virginia 0 - Key West 3 |
BOTTOM OF THE 4TH |
Key West Barracudas batting - Pitching for West Virginia Power : RHP Ramiro Fernández
|
Batting: RHB Alfredo Pineda
|
0-0: Called Strike 0-1: Ball 1-1: Ground out 4-3 (Groundball, 4)
|
Batting: RHB Dan Craft
|
0-0: Ball 1-0: Called Strike 1-1: Ball 2-1: Hit by Pitch
|
Pinch Runner at 1st Rodney Birling:
|
|
Batting: RHB Luis Pineda
|
0-0: Ball 1-0: Ball Rodney Birling is caught stealing 2nd base 2-0: Called Strike 2-1: Fly out, F4 (Popup, 9LS)
|
Bottom of the 4th over - 0 run(s), 0 hit(s), 0 error(s), 0 left on base; West Virginia 0 - Key West 3 |
TOP OF THE 5TH |
West Virginia Power batting - Pitching for Key West Barracudas : RHP Wilson Flores
|
Now in RF: Rodney Birling
|
|
Batting: LHB Jesús Ángel
|
0-0: Called Strike 0-1: Ground out 6-3 (Groundball, 6M)
|
Batting: RHB Rubén Ayala
|
0-0: Ground out 1-3 (Groundball, 15)
|
Batting: LHB Ernie Jackson
|
0-0: Ball 1-0: Called Strike 1-1: Ball 2-1: Ball 3-1: Base on Balls
|
Batting: RHB Wilson Gonzáles
|
0-0: Ball Ernie Jackson steals 2nd base 1-0: Ground out 1-3 (Groundball, 13)
|
Top of the 5th over - 0 run(s), 0 hit(s), 0 error(s), 1 left on base; West Virginia 0 - Key West 3 |
BOTTOM OF THE 5TH |
Key West Barracudas batting - Pitching for West Virginia Power : RHP Ramiro Fernández
|
Batting: SHB Patrick Larson
|
0-0: Called Strike 0-1: Ball 1-1: Ball 2-1: Ball 3-1: Fly out, F5 (Popup, 25F)
|
Batting: RHB Zander Tremblett
|
0-0: Ball 1-0: Fly out, F2 (Popup, 23F)
|
Batting: RHB Carlos Miranda
|
0-0: Foul Ball, location: 2F 0-1: Ball 1-1: Foul Ball, location: 2F 1-2: Ball 2-2: Ball 3-2: Base on Balls
|
Batting: RHB Luther Stoffels
|
0-0: Ball 1-0: Ball 2-0: Swinging Strike 2-1: Foul Ball, location: 2F 2-2: SINGLE (Line Drive, 78M) Carlos Miranda to second
|
Batting: LHB Jake Wells
|
0-0: Ball 1-0: Foul Ball, location: 2F 1-1: Swinging Strike 1-2: Ball 2-2: Foul Ball, location: 2F 2-2: Ball 3-2: Base on Balls Carlos Miranda to third Luther Stoffels to second
|
Pitching: RHP Howard Baker
|
|
Batting: RHB Kenny Cole
|
0-0: DOUBLE (Line Drive, 5L) Carlos Miranda scores Luther Stoffels scores Jake Wells to third Runner from 3rd tries for Home, SAFE, no throw or cutoff
|
Batting: RHB Alfredo Pineda
|
0-0: Called Strike 0-1: Called Strike 0-2: Ball 1-2: Ball 2-2: Strikes out swinging
|
Bottom of the 5th over - 3 run(s), 2 hit(s), 0 error(s), 1 left on base; West Virginia 0 - Key West 6 |
TOP OF THE 6TH |
West Virginia Power batting - Pitching for Key West Barracudas : RHP Wilson Flores
|
Batting: RHB Jorge Ramírez
|
0-0: Ball 1-0: Called Strike 1-1: Ground out 5-3 (Groundball, 56S)
|
Batting: RHB Alfonso Huertas
|
0-0: Ball 1-0: Called Strike 1-1: Ball 2-1: Fly out, F7 (Flyball, 78XD)
|
Batting: RHB Eric Johnson
|
0-0: Ball 1-0: Called Strike 1-1: Called Strike 1-2: Strikes out looking
|
Top of the 6th over - 0 run(s), 0 hit(s), 0 error(s), 0 left on base; West Virginia 0 - Key West 6 |
BOTTOM OF THE 6TH |
Key West Barracudas batting - Pitching for West Virginia Power : RHP Howard Baker
|
Pitching: RHP Juan Herrera
|
|
Batting: SHB Rodney Birling
|
0-0: Fly out, F9 (Flyball, 9M)
|
Pitching: RHP Cory Lowe
|
|
Batting: RHB Luis Pineda
|
0-0: Ball 1-0: Called Strike 1-1: Foul Ball, location: 2F 1-2: Ball 2-2: Foul Ball, location: 2F 2-2: Ball 3-2: Foul Ball, location: 2F 3-2: Foul Ball, location: 2F 3-2: SINGLE (Groundball, 6MD)
|
Batting: SHB Patrick Larson
|
0-0: Called Strike 0-1: DOUBLE (Line Drive, 9LM) Luis Pineda to third Runner from 3rd tries for Home, SAFE, no throw or cutoff
|
Batting: RHB Zander Tremblett
|
0-0: Called Strike 0-1: Swinging Strike 0-2: Ball 1-2: Strikes out swinging
|
Batting: RHB Carlos Miranda
|
0-0: Fly out, F8 (Flyball, 89M)
|
Bottom of the 6th over - 1 run(s), 2 hit(s), 0 error(s), 1 left on base; West Virginia 0 - Key West 7 |
TOP OF THE 7TH |
West Virginia Power batting - Pitching for Key West Barracudas : RHP Wilson Flores
|
Batting: RHB Vicente Torres
|
0-0: Ball 1-0: Foul Ball, location: 2F 1-1: Fly out, F9 (Flyball, 89M)
|
Batting: RHB Cristián Herrera
|
0-0: Swinging Strike 0-1: Swinging Strike 0-2: Ball 1-2: Foul Ball, location: 2F 1-2: Foul Ball, location: 2F 1-2: Ball 2-2: SINGLE (Groundball, 6MD)
|
Batting: LHB Jesús Ángel
|
0-0: Swinging Strike 0-1: Swinging Strike 0-2: Foul Ball, location: 2F 0-2: Ball 1-2: Strikes out looking
|
Batting: RHB Rubén Ayala
|
0-0: Called Strike 0-1: Called Strike 0-2: Ball 1-2: Ball 2-2: Foul Ball, location: 2F 2-2: Ball 3-2: Base on Balls Cristián Herrera to second
|
Batting: LHB Ernie Jackson
|
0-0: Ball 1-0: Foul Ball, location: 2F 1-1: Foul Ball, location: 2F 1-2: Fly out, F7 (Flyball, 7LM)
|
Top of the 7th over - 0 run(s), 1 hit(s), 0 error(s), 2 left on base; West Virginia 0 - Key West 7 |
BOTTOM OF THE 7TH |
Key West Barracudas batting - Pitching for West Virginia Power : RHP Cory Lowe
|
Batting: RHB Luther Stoffels
|
0-0: Ground out 6-3 (Groundball, 6)
|
Batting: LHB Jake Wells
|
0-0: Called Strike 0-1: Fly out, F5 (Popup, 5F)
|
Batting: RHB Kenny Cole
|
0-0: Ball 1-0: Ball 2-0: Ball 3-0: Base on Balls
|
Batting: RHB Alfredo Pineda
|
0-0: Called Strike 0-1: Called Strike 0-2: Ball 1-2: Ball 2-2: Ball 3-2: Foul Ball, location: 2F 3-2: SINGLE (Groundball, 34) (infield hit) Kenny Cole to second
|
Batting: SHB Rodney Birling
|
0-0: Ball 1-0: Called Strike 1-1: Foul Ball, location: 2F 1-2: Ball 2-2: SINGLE (Line Drive, 6D) Kenny Cole to third Alfredo Pineda to second Runner from 3rd tries for Home, SAFE, no throw or cutoff
|
Batting: RHB Luis Pineda
|
0-0: Ball 1-0: Swinging Strike 1-1: Ball 2-1: Foul Ball, location: 2F 2-2: Foul Ball, location: 2F 2-2: Ball 3-2: SINGLE (Groundball, 6D) Alfredo Pineda to third Rodney Birling to second Alfredo Pineda scores Rodney Birling to third
|
Batting: SHB Patrick Larson
|
0-0: Called Strike Passed Ball! Rodney Birling scores Luis Pineda to second 0-1: Ball 1-1: Fly out, F8 (Flyball, 8LM)
|
Bottom of the 7th over - 3 run(s), 3 hit(s), 0 error(s), 1 left on base; West Virginia 0 - Key West 10 |
TOP OF THE 8TH |
West Virginia Power batting - Pitching for Key West Barracudas : RHP Wilson Flores
|
Batting: RHB Wilson Gonzáles
|
0-0: TRIPLE (Flyball, 9D)
|
Batting: RHB Jorge Ramírez
|
0-0: Ball 1-0: Ground out 5-3 (Groundball, 5)
|
Batting: RHB Alfonso Huertas
|
0-0: Ground out 4-3 (Groundball, 4M) Wilson Gonzáles scores
|
Batting: RHB Eric Johnson
|
0-0: Ball 1-0: SINGLE (Line Drive, 78S)
|
Pitching: RHP Tom Clement
|
|
Batting: RHB Vicente Torres
|
0-0: Ball 1-0: Swinging Strike 1-1: Swinging Strike 1-2: Ball 2-2: Strikes out looking
|
Top of the 8th over - 1 run(s), 2 hit(s), 0 error(s), 1 left on base; West Virginia 1 - Key West 10 |
BOTTOM OF THE 8TH |
Key West Barracudas batting - Pitching for West Virginia Power : RHP Cory Lowe
|
Batting: RHB Zander Tremblett
|
0-0: Called Strike 0-1: Ground out 1-3 (Groundball, 25)
|
Pinch Hitting: LHB Víctor Acevedo
|
0-0: Called Strike 0-1: DOUBLE (Flyball, 78D)
|
Batting: RHB Luther Stoffels
|
0-0: Fly out, F3 (Popup, 23F)
|
Batting: LHB Jake Wells
|
0-0: Ball 1-0: Called Strike 1-1: SINGLE (Line Drive, 56D) Víctor Acevedo to third Runner from 3rd tries for Home, SAFE, no throw or cutoff
|
Batting: RHB Kenny Cole
|
0-0: Ball 1-0: Ball 2-0: Ball 3-0: Base on Balls Jake Wells to second
|
Batting: RHB Alfredo Pineda
|
0-0: Ball 1-0: Ball 2-0: Called Strike 2-1: SINGLE (Groundball, 4D) (infield hit) Jake Wells to third Kenny Cole to second
|
Pitching: RHP Mark Sanders
|
|
Batting: SHB Rodney Birling
|
0-0: Ball 1-0: Foul Ball, location: 2F 1-1: Foul Ball, location: 2F 1-2: Foul Ball, location: 2F 1-2: Strikes out looking
|
Bottom of the 8th over - 1 run(s), 3 hit(s), 0 error(s), 3 left on base; West Virginia 1 - Key West 11 |
TOP OF THE 9TH |
West Virginia Power batting - Pitching for Key West Barracudas : RHP Tom Clement
|
Now in CF: Víctor Acevedo
|
|
Batting: RHB Cristián Herrera
|
0-0: Ball 1-0: Ball 2-0: Ball 3-0: Base on Balls
|
Batting: LHB Jesús Ángel
|
0-0: Called Strike 0-1: Ball 1-1: Called Strike 1-2: Fly out, F9 (Flyball, 9S)
|
Batting: RHB Rubén Ayala
|
0-0: Ball 1-0: Swinging Strike 1-1: Swinging Strike 1-2: Strikes out swinging
|
Batting: LHB Ernie Jackson
|
0-0: Swinging Strike 0-1: Ball 1-1: Ball 2-1: Foul Ball, location: 2F 2-2: Ground out 4-3 (Groundball, 4)
|
Top of the 9th over - 0 run(s), 0 hit(s), 0 error(s), 1 left on base; West Virginia 1 - Key West 11 |
|